AoeStats
← LeonGamer7u7

Arena

510618279Analyzed
4v4 RM · 13h ago on Oct 1, 2026· 59m 2s· 8 players
Game mode
Random Map
Map size
Large (8 player)
Population
200
Speed
Normal
Resources
Standard
Victory
Conquest
Starting age
Dark Age
Ending age
Imperial Age
RankedLock teamsTeams togetherTeam positionsShared explorationLock speedFull tech treeHidden civsTurbo modeCheats
Victory
Defeat
🇺🇸 Teutons · United States
1068
+12
🇹🇷 Cumans · Türkiye
1058
+33
🇨🇳 Varangians · China
1025
+14
🇲🇽 Jurchens · Mexico
926
+19
🇧🇷 Bohemians · Brazil
1042
-17
🇹🇷 Hindustanis · Türkiye
1016
-16
🇧🇷 Inca · Brazil
981
-14
🇨🇱 Turks · Chile
893
-11
Balbinot0101711
10:16 Feudal Age
14:47 Castle Age
13:11 Horse Collar
13:37 Double-Bit Axe
16:08 Bow Saw
22:38 Heavy Plow
24:43 Wheelbarrow
23:57 Loom
24:20 Gold Mining
24:43 Stone Mining
27:10 Gold Shaft Mining
27:16 Stone Shaft Mining
29:28 Imperial Age
27:13 Scale Mail Armor
27:23 Forging
28:26 Chain Mail Armor
30:12 Hand Cart
29:45 Town Watch
30:51 Conscription
31:19 Town Patrol
30:59 Elite Kamayuk
32:30 Crop Rotation
32:47 Iron Casting
32:04 Fletching
33:29 Plate Mail Armor
34:35 Blast Furnace
35:07 Bodkin Arrow
35:13 Padded Archer Armor
36:30 Fabric Shields
38:53 Squires
38:40 Arson
39:03 Bracer
39:19 Leather Archer Armor
41:39 Chemistry
40:30 Heated Shot
40:36 Murder Holes
40:22 Treadmill Crane
44:17 Hoardings
43:13 Sappers
47:30 Fortified Wall
47:41 Ballistics
47:29 Siege Engineers
47:35 Masonry
49:32 Ring Archer Armor
vorcaro
3:25 Loom
10:56 Feudal Age
15:30 Castle Age
13:45 Double-Bit Axe
14:13 Horse Collar
19:44 Bow Saw
21:22 Wheelbarrow
21:40 Heavy Plow
29:30 Imperial Age
27:52 Fletching
29:56 Chemistry
29:23 Bodkin Arrow
29:14 Pikeman
29:56 Halberdier
31:34 Scale Mail Armor
31:45 Forging
32:34 Squires
33:45 Conscription
34:27 Fortified Wall
35:32 Chain Mail Armor
37:58 Plate Mail Armor
38:04 Iron Casting
41:49 Blast Furnace
49:44 Two-Man Saw
cristian.nure
0:30 Loom
14:00 Feudal Age
18:19 Castle Age
18:19 Fletching
19:54 Bodkin Arrow
21:26 Double-Bit Axe
29:05 Imperial Age
28:33 Ballistics
30:32 Bombard Tower
33:44 Town Watch
34:28 Town Patrol
36:48 Wheelbarrow
38:21 Artillery
38:04 Treadmill Crane
41:45 Elite Janissary
42:29 Bracer
45:08 Padded Archer Armor
45:07 Murder Holes
Endeavour
10:06 Feudal Age
14:38 Castle Age
13:25 Double-Bit Axe
15:30 Horse Collar
18:44 Heavy Plow
21:20 Wheelbarrow
20:35 Loom
23:21 Bow Saw
28:27 Hand Cart
29:10 Gold Mining
29:50 Fortified Wall
29:38 Murder Holes
29:54 Masonry
30:04 Ballistics
29:56 Forging
29:54 Scale Barding Armor
32:30 Imperial Age
30:40 Town Watch
32:10 Iron Casting
31:56 Chain Barding Armor
32:33 Gold Shaft Mining
32:27 Bloodlines
32:23 Husbandry
32:38 Heavy Camel Rider
34:44 Blast Furnace
34:49 Two-Man Saw
33:54 Town Patrol
34:58 Chemistry
34:04 Siege Engineers
35:05 Caravan
34:35 Elite Skirmisher
34:40 Imperial Camel Rider
37:01 Shatagni
38:54 Plate Barding Armor
38:13 Fletching
38:27 Padded Archer Armor
40:14 Bodkin Arrow
44:56 Bracer
51:35 Leather Archer Armor
56:14 Light Cavalry
57:19 Conscription
711WasAPartTimeJob
10:58 Feudal Age
12:19 Loom
17:13 Castle Age
15:20 Double-Bit Axe
15:51 Horse Collar
18:51 Heavy Plow
25:31 Wheelbarrow
24:42 Town Watch
29:33 Imperial Age
27:19 Hand Cart
27:14 Squires
27:19 Scale Mail Armor
27:46 Fletching
28:45 Forging
29:26 Chain Mail Armor
30:10 Iron Casting
32:33 Plate Mail Armor
33:03 Blast Furnace
31:51 Arson
32:50 Conscription
32:31 Bodkin Arrow
32:42 Capped Ram
34:59 Crenellations
37:48 Pikeman
42:57 Elite Teutonic Knight
43:39 Elite Teutonic Knight
45:26 Siege Engineers
46:22 Chemistry
45:16 Halberdier
47:40 Ironclad
49:32 Scale Barding Armor
50:35 Chain Barding Armor
50:28 Bloodlines
51:59 Plate Barding Armor
LeonGamer7u7
8:08 Loom
10:54 Feudal Age
12:05 Horse Collar
12:11 Double-Bit Axe
16:07 Castle Age
16:12 Wheelbarrow
19:27 Bow Saw
19:28 Heavy Plow
21:11 Gold Mining
21:14 Stone Mining
21:42 Gold Mining
23:11 Stone Shaft Mining
22:28 Treadmill Crane
27:18 Squires
27:04 Pikeman
31:47 Imperial Age
29:34 Hand Cart
29:05 Town Watch
29:59 Town Patrol
31:29 Forging
32:38 Heavy Rocket Cart
34:23 Chemistry
35:04 Gold Shaft Mining
34:39 Siege Engineers
33:59 Halberdier
35:06 Conscription
36:32 Crop Rotation
37:04 Two-Man Saw
36:02 Murder Holes
36:23 Elite Iron Pagoda
39:26 Iron Casting
38:53 Scale Mail Armor
39:42 Scale Barding Armor
39:53 Chain Mail Armor
39:30 Fletching
39:53 Fortified Wall
40:52 Arson
40:40 Elite Fire Lancer
41:54 Ballistics
43:34 Blast Furnace
42:56 Chain Barding Armor
42:32 Bodkin Arrow
42:38 Padded Archer Armor
46:44 Bloodlines
46:35 Husbandry
51:13 Masonry
55:52 Thunderclap Bombs
811
0:26 Loom
10:22 Feudal Age
11:32 Horse Collar
11:43 Double-Bit Axe
13:22 Horse Collar
21:00 Wheelbarrow
22:48 Castle Age
21:34 Bloodlines
22:15 Fletching
22:32 Gold Mining
23:20 Scale Barding Armor
24:20 Hand Cart
23:29 Light Cavalry
24:33 Bow Saw
24:47 Heavy Plow
31:39 Imperial Age
30:11 Gold Shaft Mining
29:27 Stone Mining
30:02 Forging
29:55 Steppe Husbandry
30:19 Chain Barding Armor
30:06 Town Watch
31:47 Iron Casting
31:44 Bodkin Arrow
33:21 Two-Man Saw
32:54 Crop Rotation
32:52 Conscription
33:12 Plate Barding Armor
33:39 Blast Furnace
32:03 Cavalier
33:17 Ballistics
34:23 Hoardings
34:11 Masonry
33:52 Paladin
38:44 Caravan
39:24 Elite Kipchak
40:08 Padded Archer Armor
40:45 Cuman Mercenaries
41:50 Leather Archer Armor
41:49 Thumb Ring
42:47 Chemistry
44:02 Guilds
44:23 Coinage
44:27 Ring Archer Armor
44:36 Parthian Tactics
44:28 Hussar
46:13 Coinage
47:55 Banking
49:45 Murder Holes
2204528
10:06 Feudal Age
15:44 Castle Age
14:46 Loom
22:40 Stone Mining
22:41 Gold Mining
30:49 Fletching
37:45 Stone Shaft Mining
36:40 Vendel Legacy
41:56 Imperial Age
44:25 Double-Bit Axe
45:07 Bodkin Arrow
45:20 Scale Barding Armor
45:25 Forging
47:59 Chain Barding Armor
48:14 Iron Casting
50:49 Bow Saw
50:23 Horse Collar
53:16 Imperial Age
51:26 Wheelbarrow
52:39 Murder Holes
54:49 Conscription
Connection lost

Rejoining the realm…

Still unreachable

The connection could not be restored.

Session expired

The server has moved on; the page needs a fresh start.